 Dungeon Crawl Stone Soup version 0.30-a0-141-g30f27751c5 (webtiles) character file.

Game seed: 1856181864556801741

2701 qw the Cleaver (level 9, -7/57 HPs)
             Began as a Gargoyle Fighter on Sept 25, 2022.
             Mangled by an orc warrior
             ... wielding a +2 vorpal halberd
              (18 damage)
             ... on level 8 of the Dungeon.
             The game lasted 00:02:40 (5690 turns).

qw the Cleaver (Gargoyle Fighter)                   Turns: 5690, Time: 00:02:41

Health: -7/57      AC: 23    Str: 25    XL:     9   Next: 65%
Magic:  9/9        EV:  7    Int:  8    God:
Gold:   478        SH:  4    Dex:  9    Spells: 8/8 levels left

rFire   . . .      SeeInvis .    Y - +0 war axe (vorpal)
rCold   . . .      Faith    .    c - +0 buckler
rNeg    + . .      Spirit   .    n - +0 plate armour
rPois   inf        Reflect  .    q - +0 helmet
rElec   +          Harm     .    (no cloak)
rCorr   .          Rampage  .    i - +0 pair of gloves
Will    .....                    p - +1 pair of boots
Stlth   ..........               f - amulet of regeneration
HPRegen 0.99/turn                e - +4 ring of slaying {mikee}
MPRegen 0.11/turn                (no ring)

@: about to teleport
A: sickness immunity, AC +6, negative energy resistance 1, electricity
resistance, torment resistance 1, petrification resistance
a: no special abilities


You were on level 8 of the Dungeon.
You visited 2 branches of the dungeon, and saw 9 of its levels.

You collected 478 gold pieces.


Innate Abilities, Weirdness & Mutations

You are immune to sickness and miasma.
Your stone body is resilient. (AC +6)
You are immune to poison.
You resist negative energy. (rN+)
You are resistant to electric shocks. (rElec)
You are resistant to unholy torment.
You are immune to petrification.


   Skills:
 - Level 7.2 Fighting
 + Level 9.3 Axes
 - Level 1.2 Throwing
 - Level 6.0 Armour
 - Level 1.3 Dodging
 - Level 4.0 Shields


You had 8 spell levels left.
You didn't know any spells.
Your spell library was empty.

Inventory:

Hand Weapons
 r - a +0 flail
 Y - a +0 vorpal war axe (weapon)
Missiles
 m - 2 boomerangs (quivered)
Armour
 c - a +0 buckler (worn)
 i - a +0 pair of gloves (worn)
 n - a +0 plate armour (worn)
 p - a +1 pair of boots (worn)
 q - a +0 helmet (worn)
Jewellery
 e - a +4 ring of slaying (left hand) {mikee}
 f - an amulet of regeneration (around neck)
Scrolls
 a - 6 scrolls of identify
 l - a scroll of teleportation
Potions
 d - 2 potions of might
 g - 2 potions of lignification
 j - 3 potions of curing
 k - 4 potions of mutation
 o - 2 potions of attraction

Dungeon Overview and Level Annotations

Branches:
Dungeon (8/15)             Temple (1/1) D:5
   Lair: D:8-11

Altars:
Ashenzari
Cheibriados
Dithmenos
Elyvilon
Gozag
Hepliaklqana
Kikubaaqudgha
Makhleb
Ru
Sif Muna
Trog
Wu Jian
Xom
Yredelemnul
Zin
The Shining One

Annotations:
D:5 3 runed translucent doors, qw's ghost, novice GrFi


Message History

You barely miss the steam dragon.
The steam dragon is heavily wounded.
You are engulfed in a cloud of scalding steam.
The steam dragon barely misses you. The steam dragon closely misses you.
The orc warrior hits you from afar with a +2 vorpal halberd.
You hit the steam dragon but do no damage.
The steam dragon is heavily wounded.
You are engulfed in a cloud of scalding steam.
The steam dragon barely misses you.
The steam dragon claws you but does no damage.
The orc warrior hits you but does no damage.
You hit the steam dragon but do no damage.
The steam dragon is heavily wounded.
You are engulfed in a cloud of scalding steam.
The steam dragon breathes steam at you. The ball of steam hits you!
You block the orc warrior's attack.
You barely miss the steam dragon.
The steam dragon is heavily wounded.
You are engulfed in a cloud of scalding steam.
The steam dragon bites you.
The steam dragon claws you but does no damage.
The orc warrior hits you but does no damage.
You hit the steam dragon.
The steam dragon is heavily wounded.
You are engulfed in a cloud of scalding steam.
The steam dragon barely misses you. x2; The orc warrior barely misses you.
You closely miss the steam dragon.
The steam dragon is heavily wounded.
The steam dragon bites you but does no damage.
The steam dragon claws you but does no damage.
The orc warrior hits you from afar with a +2 vorpal halberd! x2
The steam dragon bites you but does no damage.
The steam dragon claws you but does no damage.
5690 ||| READING 2 scrolls of teleportation.
As you read the scroll of teleportation, it crumbles to dust.
You feel strangely unstable. You block the steam dragon's attack.
The steam dragon claws you but does no damage.
The orc warrior hits you from afar with a +2 vorpal halberd!!
You die...

.....#..#...........
.....#..#...<.......
....#...............
......##).#........
.........(.........
#####...###########
7....7.7¤.¤.77 .7
7.~~~~~~)~~~~.777o7
.~~~~~~~~¤¤~~~.@D7
7.~~~~~~~~~~~.777.7
77....7.7....77 .7
############# #


You could see a steam dragon and an orc warrior.

Vanquished Creatures
  A hornet (D:7)
  A steam dragon (D:7)
  Duvessa (D:7)
  A water moccasin (D:5)
  4 orc warriors
  A sky beast (D:6)
  A black bear (D:6)
  An ogre (D:5)
  A centaur (D:7)
  4 phantoms
  A kobold brigand (D:7)
  A bullfrog (D:6)
  2 scorpions
  A necrophage (D:6)
  Dowan (D:7)
  A killer bee (D:5)
  2 howler monkeys (D:7)
  An electric eel (D:8)
  5 hounds
  A jelly (D:7)
  5 orc priests
  An iguana (D:4)
  Ijyb (D:3)
  2 orc wizards
  4 gnolls (D:4)
  4 adders
  3 worms
  3 dart slugs
  14 orcs
  5 ball pythons
  10 endoplasms
  4 giant cockroaches
  5 goblins
  10 hobgoblins
  8 jackals
  6 quokkas
  6 bats
  2 frilled lizards
  6 kobolds
  4 rats
135 creatures vanquished.

Vanquished Creatures (others)
  A plant (D:1)
1 creature vanquished.

Grand Total: 136 creatures vanquished

Notes
Turn   | Place    | Note
-------+----------+-------------------------------------------
     0 | D:1      | qw the Gargoyle Fighter began the quest for the Orb.
     0 | D:1      | Reached XP level 1. HP: 14/14 MP: 1/1
     0 | D:1      | 0 ||| qw: Version: 0.2-a-10-g399e6c4
     0 | D:1      | 0 ||| qw: Game counter: 381
     0 | D:1      | 0 ||| qw: Always use a shield: true
     0 | D:1      | 0 ||| qw: God list: Okawaru
     0 | D:1      | 0 ||| qw: Allow faded altars: false
     0 | D:1      | 0 ||| qw: Do Orc after D:15 true
     0 | D:1      | 0 ||| qw: Do second Lair branch before Depths: true
     0 | D:1      | 0 ||| qw: Lair rune preference: random
     0 | D:1      | 0 ||| qw: Plans: Normal, Zot:1-4, God:TSO, Crypt, Tomb,
                  | Pan, Slime:5, Hells, Abyss, Orb
     0 | D:1      | 0 ||| PLANNING D:1-11
    26 | D:1      | Found a faded altar of an unknown god.
    49 | D:1      | Reached skill level 2 in Axes
    52 | D:1      | 52 ||| Stepping ~*~*~tactically~*~*~ (hiding).
   211 | D:1      | Reached XP level 2. HP: 19/19 MP: 2/2
   299 | D:1      | 299 ||| Stepping ~*~*~tactically~*~*~ (stealth).
   414 | D:1      | 414 ||| Stepping ~*~*~tactically~*~*~ (hiding).
   416 | D:1      | 416 ||| Stepping ~*~*~tactically~*~*~ (hiding).
   586 | D:1      | Reached skill level 3 in Axes
   702 | D:1      | Reached XP level 3. HP: 17/23 MP: 3/3
  1259 | D:1      | 1259 ||| UPGRADING to amulet of regeneration.
  1264 | D:1      | 1264 ||| UPGRADING to +4 ring of slaying {mikee}.
  1265 | D:1      | 1265 ||| READING scroll labelled UBEIKO ZOGI.
  1266 | D:1      | 1266 ||| READING 2 scrolls labelled CEOJESIUGE.
  1269 | D:1      | 1269 ||| READING scroll labelled JINEIPLINE.
  1270 | D:1      | 1270 ||| READING scroll labelled VOTISE FAIROX.
  1271 | D:1      | 1271 ||| READING scroll labelled KEF ETIPIT.
  1395 | D:2      | 1395 ||| Stepping ~*~*~tactically~*~*~ (stealth).
  1398 | D:2      | 1398 ||| Stepping ~*~*~tactically~*~*~ (stealth).
  1401 | D:2      | 1401 ||| Stepping ~*~*~tactically~*~*~ (stealth).
  1403 | D:2      | 1403 ||| Stepping ~*~*~tactically~*~*~ (stealth).
  1424 | D:2      | 1424 ||| READING scroll labelled EBIUXI DOSOMM.
  1425 | D:2      | 1425 ||| DRINKING 2 purple potions.
  1426 | D:2      | 1426 ||| READING 2 scrolls of identify.
  1426 | D:2      | 1426 ||| IDENTIFYING clear potion
  1427 | D:2      | 1427 ||| READING scroll of teleportation.
  1610 | D:2      | 1610 ||| UPGRADING to +0 pair of gloves.
  1615 | D:2      | 1615 ||| READING scroll labelled MERIEM CUTIGG.
  1616 | D:2      | 1616 ||| Stepping randomly (stuck).
  1617 | D:2      | 1617 ||| Stepping randomly (stuck).
  1618 | D:2      | 1618 ||| Stepping randomly (stuck).
  1619 | D:2      | 1619 ||| Stepping randomly (stuck).
  1621 | D:2      | 1621 ||| Stepping randomly (stuck).
  1622 | D:2      | 1622 ||| Stepping randomly (stuck).
  1623 | D:2      | 1623 ||| Stepping randomly (stuck).
  1624 | D:2      | 1624 ||| Stepping randomly (stuck).
  1625 | D:2      | 1625 ||| Stepping randomly (stuck).
  1626 | D:2      | 1626 ||| Stepping randomly (stuck).
  1627 | D:2      | 1627 ||| Stepping randomly (stuck).
  1675 | D:2      | 1675 ||| UPGRADING to +0 plate armour.
  1685 | D:2      | 1685 ||| DROPPING +0 scale mail.
  1686 | D:2      | 1686 ||| Stepping randomly (stuck).
  1688 | D:2      | 1688 ||| Stepping randomly (stuck).
  1689 | D:2      | 1689 ||| Stepping randomly (stuck).
  1690 | D:2      | 1690 ||| Stepping randomly (stuck).
  1691 | D:2      | 1691 ||| Stepping randomly (stuck).
  1692 | D:2      | 1692 ||| Stepping randomly (stuck).
  1693 | D:2      | 1693 ||| Stepping randomly (stuck).
  1699 | D:2      | 1699 ||| Stepping randomly (stuck).
  1700 | D:2      | 1700 ||| Stepping randomly (stuck).
  1701 | D:2      | 1701 ||| Stepping randomly (stuck).
  1706 | D:2      | Reached XP level 4. HP: 28/28 MP: 4/4
  1858 | D:2      | 1858 ||| UPGRADING to +1 pair of boots.
  1863 | D:2      | 1863 ||| DRINKING 2 blue potions.
  1964 | D:2      | 1964 ||| DRINKING 2 fuming clear potions.
  1965 | D:2      | 1965 ||| DROPPING potion of ambrosia.
  1966 | D:2      | 1966 ||| DROPPING potion of invisibility.
  1993 | D:3      | 1993 ||| STAIRDANCE
  2017 | D:3      | Reached skill level 4 in Axes
  2063 | D:3      | 2063 ||| Stepping ~*~*~tactically~*~*~ (stealth).
  2136 | D:3      | Found a snail-covered altar of Cheibriados.
  2273 | D:3      | 2273 ||| Stepping ~*~*~tactically~*~*~ (stealth).
  2286 | D:3      | Reached XP level 5. HP: 32/32 MP: 5/5
  2360 | D:3      | Noticed Ijyb
  2362 | D:3      | Paralysed by Ijyb for 3 turns
  2368 | D:3      | Paralysed by Ijyb for 2 turns
  2374 | D:3      | Killed Ijyb
  2376 | D:3      | 2376 ||| Stepping ~*~*~tactically~*~*~ (stealth).
  2380 | D:3      | Reached skill level 5 in Axes
  2674 | D:3      | 2674 ||| UPGRADING to +0 helmet.
  2679 | D:3      | 2679 ||| READING scroll labelled WETTULENAS.
  2680 | D:3      | 2680 ||| DRINKING 2 fuming pink potions.
  2681 | D:3      | 2681 ||| READING 2 scrolls of identify.
  2681 | D:3      | 2681 ||| IDENTIFYING lumpy sapphire potion
  2682 | D:3      | 2682 ||| DROPPING potion of degeneration.
  2710 | D:4      | Reached XP level 6. HP: 36/38 MP: 6/6
  2733 | D:4      | 2733 ||| Stepping ~*~*~tactically~*~*~ (stealth).
  2737 | D:4      | 2737 ||| Stepping ~*~*~tactically~*~*~ (stealth).
  2962 | D:4      | Found a shimmering blue altar of Sif Muna.
  2975 | D:4      | 2975 ||| FLEEEEING.
  2976 | D:4      | 2976 ||| FLEEEEING.
  2977 | D:4      | 2977 ||| FLEEEEING.
  2978 | D:4      | 2978 ||| FLEEEEING.
  2979 | D:4      | 2979 ||| FLEEEEING.
  2980 | D:4      | 2980 ||| FLEEEEING.
  2986 | D:4      | 2986 ||| DROPPING +0 whip.
  3278 | D:4      | 3278 ||| READING scroll labelled VOTAMAMUET.
  3279 | D:4      | 3279 ||| READING 4 scrolls of identify.
  3279 | D:4      | 3279 ||| IDENTIFYING metallic ruby potion
  3280 | D:4      | 3280 ||| READING 3 scrolls of identify.
  3280 | D:4      | 3280 ||| IDENTIFYING fuming red potion
  3281 | D:4      | 3281 ||| DROPPING potion of berserk rage.
  3286 | D:5      | Entered Level 5 of the Dungeon
  3286 | D:5      | Found a glowing golden altar of the Shining One.
  3286 | D:5      | Found a white marble altar of Elyvilon.
  3292 | D:5      | Found a staircase to the Ecumenical Temple.
  3293 | D:5      | 3293 ||| PLANNING TEMPLE
  3301 | Temple   | Entered the Ecumenical Temple
  3458 | Temple   | 3458 ||| PLANNING D:1-11
  3494 | D:5      | Reached skill level 6 in Axes
  3685 | D:5      | Found a runed translucent gate.
  3685 | D:5      | Found a runed translucent gate.
  3686 | D:5      | Found a runed translucent gate.
  3688 | D:5      | Noticed qw's ghost (novice GrFi)
  3694 | D:5      | Noticed a water moccasin
  3704 | D:5      | Killed a water moccasin
  3705 | D:5      | Reached XP level 7. HP: 38/43 MP: 7/7
  3730 | D:5      | 3730 ||| DRINKING 3 potions of curing.
  3730 | D:5      | 3730 ||| (to cure confusion)
  3872 | D:5      | 3872 ||| Stepping ~*~*~tactically~*~*~ (hiding).
  3958 | D:5      | Reached skill level 7 in Axes
  4072 | D:5      | 4072 ||| READING scroll labelled CEROOS FAOSK.
  4073 | D:5      | 4073 ||| READING 5 scrolls of identify.
  4073 | D:5      | 4073 ||| IDENTIFYING golden potion
  4074 | D:5      | 4074 ||| DROPPING potion of flight.
  4118 | D:6      | 4118 ||| Stepping ~*~*~tactically~*~*~ (hiding).
  4233 | D:6      | Reached XP level 8. HP: 49/49 MP: 8/8
  4240 | D:6      | Reached skill level 1 in Dodging
  4270 | D:6      | Reached skill level 1 in Throwing
  4273 | D:6      | 4273 ||| Stepping ~*~*~tactically~*~*~ (stealth).
  4275 | D:6      | Identified the +1 leather armour of Waicee {rC++}
  4394 | D:6      | 4394 ||| Stepping ~*~*~tactically~*~*~ (stealth).
  4397 | D:6      | 4397 ||| Stepping ~*~*~tactically~*~*~ (hiding).
  4398 | D:6      | 4398 ||| Stepping ~*~*~tactically~*~*~ (hiding).
  4400 | D:6      | 4400 ||| Stepping ~*~*~tactically~*~*~ (hiding).
  4414 | D:6      | Reached skill level 8 in Axes
  4627 | D:7      | 4627 ||| Stepping ~*~*~tactically~*~*~ (stealth).
  4672 | D:7      | Reached skill level 6 in Fighting
  4695 | D:7      | 4695 ||| READING 4 scrolls of teleportation.
  4709 | D:7      | Reached skill level 6 in Armour
  4709 | D:7      | Reached XP level 9. HP: 55/55 MP: 9/9
  4782 | D:7      | Noticed Dowan
  4783 | D:7      | Noticed Duvessa
  4789 | D:7      | Killed Dowan
  4795 | D:7      | Killed Duvessa
  4826 | D:7      | 4826 ||| Stepping ~*~*~tactically~*~*~ (stealth).
  4827 | D:7      | 4827 ||| Stepping ~*~*~tactically~*~*~ (stealth).
  4912 | D:7      | 4912 ||| Stepping ~*~*~tactically~*~*~ (stealth).
  4958 | D:7      | Reached skill level 9 in Axes
  5086 | D:7      | Noticed a hornet
  5091 | D:7      | Killed a hornet
  5407 | D:7      | 5407 ||| DROPPING ring of magical power.
  5408 | D:7      | 5408 ||| READING scroll labelled NIMELINAEN.
  5409 | D:7      | 5409 ||| READING 3 scrolls of teleportation.
  5632 | D:8      | 5632 ||| Stepping ~*~*~tactically~*~*~ (hiding).
  5635 | D:8      | 5635 ||| Stepping ~*~*~tactically~*~*~ (stealth).
  5636 | D:8      | 5636 ||| Stepping ~*~*~tactically~*~*~ (hiding).
  5689 | D:8      | HP: 12/57 [orc warrior/+2 vorpal halberd (8)]
  5690 | D:8      | 5690 ||| READING 2 scrolls of teleportation.
  5690 | D:8      | Mangled by an orc warrior

Levels and vault maps discovered:
D:1:      lightli_arrival_quake, layout_basic,
          shapermc_ecumenical_altar_totnotflames, serial_bayou_pond_e,
          minmay_heptomino_h4
D:2:      layout_rooms, minmay_puff
D:3:      layout_loops_ring, cheibriados_altar_1, uniq_ijyb
D:4:      layout_rooms, lemuel_doored_altar, grunt_ministairs_9
D:5:      layout_basic, grunt_temple_overflow_open,
          minmay_temple_entry_sparse_star, gammafunk_ghost_necromancy,
          minmay_small_thing
D:6:      layout_rooms
D:7:      layout_gridville, serial_co_window_serial, co_window_paths_b,
          co_window_of_opportunity_a, co_window_paths_a,
          co_window_of_opportunity_a, co_window_paths_b, co_window_corner_a,
          co_window_broadway_a, co_window_2corner, co_window_corner_ca,
          co_window_broadway_c, co_window_broadway_b, co_window_corner_cb,
          co_window_corner_b, uniq_duvessa
D:8:      nzn_winding_woodlands_medium [nzn_winding_woodlands_5x5_checkerboard,
          nzn_winding_woodlands_5x15_river_crossing,
          nzn_winding_woodlands_5x5_three, nzn_winding_woodlands_5x5_default,
          nzn_winding_woodlands_center_lodge, nzn_winding_woodlands_hourglass,
          nzn_winding_woodlands_5x5_perimeter,
          nzn_winding_woodlands_5x15_parted, nzn_winding_woodlands_5x5_cross],
          layout_cave_pools, general_overflow_altar,
          mainiacjoe_overflow_tiny_flanked
Temple:   nicolae_temple_bog_church

Skill      XL: |  1  2  3  4  5  6  7  8  9 |
---------------+----------------------------+-----
Axes           | 2 3 4 5 6 7 8 9 |  9.3
Fighting       | 4 5 6 7 |  7.2
Armour         | 4 6 |  6.0
Dodging        | 1 |  1.3
Throwing       | 1 |  1.2
Shields        | 4 |  4.0

Action                   |  1- 3 |  4- 6 |  7- 9 || total
-------------------------+-------+-------+-------++-------
Melee: War axe           |   113 |    85 |   155 ||   353
Throw: Boomerang         |     9 |    37 |    33 ||    79
  Use: Scroll            |     9 |     5 |     6 ||    20
       Potion            |     1 |     3 |     1 ||     5
Armor: Scale mail        |    48 |       |       ||    48
       Plate armour      |       |    56 |   134 ||   190
Dodge: Dodged            |    58 |    22 |    40 ||   120
Block: Buckler           |    13 |    11 |    32 ||    56

Table legend:
 A = Non-vault XP
 B = Vault XP
 C = Vault XP percentage of total XP
 D = Non-vault monster count
 E = Vault monster count
 F = Vault count percentage of total count
                 A         B        C        D         E       F
            +---------+---------+-------+---------+---------+-------
      Total |    3221 |     638 |  16.5 |     117 |      18 |  13.3
            +---------+---------+-------+---------+---------+-------
        D:1 |      38 |       7 |  15.6 |      20 |       4 |  16.7
        D:2 |      33 |      10 |  23.3 |      17 |       6 |  26.1
        D:3 |     106 |      36 |  25.4 |      19 |       1 |   5.0
        D:4 |     206 |       2 |   1.0 |      14 |       1 |   6.7
        D:5 |     560 |      98 |  14.9 |      10 |       2 |  16.7
        D:6 |    1019 |       0 |   0.0 |      17 |       0 |   0.0
        D:7 |    1208 |     219 |  15.3 |      19 |       2 |   9.5
        D:8 |      51 |     266 |  83.9 |       1 |       2 |  66.7
            +---------+---------+-------+---------+---------+-------
